 Dungeon Crawl Stone Soup version 0.28.0-47-ge53b351184 (webtiles) character file.

Game seed: 14894634756535255958

7336 pkoi the Martial Artist (level 10, -3/80 HPs)
             Began as a Demigod Gladiator on May 2, 2022.
             Killed by divine providence
             ... invoked by an orc priest
              (13 damage)
             ... on level 9 of the Dungeon.
             The game lasted 00:17:02 (15100 turns).

pkoi the Martial Artist (Demigod Gladiator)        Turns: 15100, Time: 00:17:02

Health: -3/80      AC: 21    Str: 19    XL:     10   Next: 60%
Magic:  13/13      EV: 25    Int: 12    God:
Gold:   619        SH:  0    Dex: 23    Spells: 7/9 levels left

rFire   . . .      SeeInvis .   z - +8 short sword of Hospitality {spect, +Blink Int-2 Dex+4}
rCold   . . .      Faith    .   (no shield)
rNeg    . . .      Spirit   .   y - +8 chain mail of the Sunfish {rCorr}
rPois   .          Reflect  .   b - +0 helmet
rElec   .          Harm     .   j - +0 cloak
rCorr   +          Rampage  .   (no gloves)
Will    ++...                   (no boots)
Stlth   ..........              l - amulet of the acrobat
HPRegen 0.23/turn               f - ring of willpower
MPRegen 0.13/turn               (no ring)

@: lethally poisoned (-3 -> -3), acrobatic
A: high MP 1, forlorn, divine attributes, talons 1, sturdy frame 1
a: Evoke Blink


You were on level 9 of the Dungeon.
You visited 2 branches of the dungeon, and saw 10 of its levels.
You also visited: Sewer.

You collected 619 gold pieces.

Inventory:

Hand Weapons
 d - a +0 short sword
 h - a +1 short sword of flaming
 r - a +3 dagger of venom
 t - the +3 spear of Rubbish {vorpal, Will+ MP+9}
   (You found it on level 4 of the Dungeon)

   It inflicts extra damage upon your enemies.
   MP:        It affects your magic capacity (+9).
   Will:      It increases your willpower.
 z - the +8 short sword of Hospitality (weapon) {spect, +Blink Int-2 Dex+4}
   (You found it on level 6 of the Dungeon)

   When its wielder attacks, the weapon's spirit leaps out and strikes again.
   The spirit shares a part of any damage it takes with its wielder.
   Int:       It affects your intelligence (-2).
   Dex:       It affects your dexterity (+4).
   +Blink:    It lets you blink.
Missiles
 c - 9 throwing nets
 k - 163 stones
 n - 12 boomerangs (quivered)
Armour
 a - a +0 leather armour
 b - a +0 helmet (worn)
 e - a +0 chain mail
 j - a +0 cloak (worn)
 y - the +8 chain mail of the Sunfish (worn) {rCorr}
   (You found it on level 6 of the Dungeon)

   rCorr:     It protects you from acid and corrosion.
Jewellery
 f - a ring of willpower (left hand)
 i - an amulet of magic regeneration
 l - an amulet of the acrobat (around neck)
 A - an amulet of guardian spirit
 B - a ring of willpower
 C - a ring of willpower
 G - a ring of resist corrosion
Wands
 q - a wand of paralysis (10)
 w - a wand of polymorph (9)
Scrolls
 m - 2 scrolls of fear
 p - 2 scrolls of teleportation
 H - 2 scrolls of enchant weapon
 I - a scroll of blinking
Potions
 g - a potion of mutation
 o - 3 potions of flight
 s - 3 potions of heal wounds
 v - 3 potions of attraction
 x - a potion of brilliance
 D - 2 potions of might
 E - a potion of cancellation
 F - a potion of magic


   Skills:
 + Level 4.9 Fighting
 - Level 1.7 Throwing
 + Level 7.1 Armour
 - Level 2.6 Dodging
 * Level 11.6 Unarmed Combat
 + Level 6.0 Evocations


You had 7 spell levels left.
You knew the following spells:

 Your Spells              Type           Power      Damage    Failure   Level
a - Poisonous Vapours     Pois/Air       0%         N/A       95%         2

Your spell library contained the following spells:

 Spells                   Type           Power      Damage    Failure   Level
 Magic Dart               Conj           0%         1d3       87%         1
 Sting                    Tmut/Pois      0%         1d3       87%         1
 Call Imp                 Summ           0%         N/A       95%         2
 Corpse Rot               Necr/Air       0%         N/A       95%         2
 Mephitic Cloud           Conj/Pois/Air  0%         N/A       99%         3
 Olgreb's Toxic Radiance  Pois           0%         N/A       100%        4


Dungeon Overview and Level Annotations

Branches:
Dungeon (9/15)             Temple (1/1) D:6           Sewer (visited)
   Lair: D:8-11         Orc: D:9-12

Shops:
D:2 =   D:4 !

Annotations:
D:2 1 runed translucent door, Crazy Yiuf


Innate Abilities, Weirdness & Mutations

You have an increased reservoir of magic. (+10% MP)
You shall have no god before yourself.
Your divine heritage dramatically boosts your attributes as you level up.
You have sharp toenails.
Your movements are slightly less encumbered by armour. (ER -2)


Message History

You puncture the orc warrior! Your kick misses the orc warrior.
You punch the orc warrior, but do no damage.
The orc warrior is severely wounded.
Your +8 short sword of Hospitality {spect, +Blink Int-2 Dex+4} hits the orc warrior!
You kill the orc warrior!
* * * LOW HITPOINT WARNING * * *
You feel very sick. Something hits you but does no damage.
You closely miss something. You claw something.
* * * LOW HITPOINT WARNING * * *
You feel very sick.
The orc priest invokes the aid of Beogh against you.
Something writhes in agony!
You hear some strange, mumbled words.
A magic dart appears from out of thin air!
The magic dart hits you but does no damage.
* * * LOW HITPOINT WARNING * * *
You feel very sick.
The orc priest calls upon Beogh to heal the orc.
The orc's wounds heal themselves!
You hear some strange, mumbled words.
Something tries to affect you, but you resist.
You feel much better.
You feel very sick.
The orc priest invokes the aid of Beogh against you.
Something writhes in agony!
Reactivating autopickup.
You feel sick.
Things that are here:
a +2 glaive of venom; a +0 chain mail; an orc corpse You feel sick.
You feel sick.
You feel sick.
The orc priest casts a cantrip, but nothing happens.
You feel sick.
You feel sick.
You feel sick.
The orc priest calls down the wrath of Beogh upon you.
Beogh smites you!
You die...

..... ##.###.#####..
......####...##.#####..
......o.o..............
.>....####o..##.#####.#
..... #.o....##.# #.#
.... #.####.##.# #.#
... #.# #.....# #..
#+#####.# #..#### ###
#.#...@.###..# #
#.#.###......# #
####.#..##.###.## #
####..............# #
...........##.##### #
####....###.# #
##.#.....# # #.#######
# #.#


You could see an orc priest.

Vanquished Creatures
  Harold (D:9)
  4 kobold demonologists
  Grinder (D:2)
  A troll (D:6)
  Sigmund (D:3)
  4 yaks (D:9)
  A steam dragon (D:7)
  Menkaure (D:4)
  3 water moccasins
  A sky beast (D:5)
  An ice beast (D:6)
  3 ogres
  2 orc warriors (D:9)
  A phantom (D:5)
  Blork the orc (D:4)
  7 bullfrogs
  2 kobold brigands (D:9)
  4 scorpions
  A gnoll sergeant (D:8)
  A wyvern skeleton (D:6)
  10 killer bees (D:8)
  3 wights (D:7)
  7 howler monkeys
  A centaur zombie (D:9)
  3 jellies
  A bullfrog zombie (D:5)
  6 hounds
  A centaur skeleton (D:4)
  7 orc priests
  2 bullfrog skeletons (D:7)
  3 gnoll shamans
  Natasha (D:2)
  3 iguanas
  7 orc wizards
  A hound skeleton (D:5)
  4 river rats (Sewer)
  12 adders
  20 gnolls
  A white imp (D:6)
  3 worms
  2 dart slugs
  25 orcs
  14 ball pythons
  10 endoplasms
  5 giant cockroaches
  3 goblins
  6 hobgoblins
  9 jackals
  5 quokkas
  8 bats
  6 frilled lizards
  10 kobolds
  5 rats
245 creatures vanquished.

Vanquished Creatures (others)
  An orc wizard (D:9)
1 creature vanquished.

Grand Total: 246 creatures vanquished

Notes
Turn   | Place    | Note
-------+----------+-------------------------------------------
     0 | D:1      | pkoi the Demigod Gladiator began the quest for the Orb.
     0 | D:1      | Reached XP level 1. HP: 17/17 MP: 3/3
   193 | D:1      | Reached skill level 3 in Unarmed Combat
   244 | D:1      | Reached XP level 2. HP: 12/24 MP: 4/4
   632 | D:1      | Reached skill level 1 in Armour
  1427 | D:1      | Reached XP level 3. HP: 15/29 MP: 5/5
  2082 | D:2      | Found Xesistri's Jewellery Shoppe.
  2386 | D:2      | Found a runed translucent door.
  2387 | D:2      | Noticed Crazy Yiuf
  2445 | D:2      | Noticed Natasha
  2471 | D:2      | Gained mutation: Your movements are slightly less
                  | encumbered by armour. (ER -2) [potion of mutation]
  2471 | D:2      | Gained mutation: You have sharp toenails. [potion of
                  | mutation]
  2490 | D:2      | You fall into a shaft and drop 2 floors!
  2572 | D:4      | Reached skill level 4 in Unarmed Combat
  2911 | D:4      | Noticed a scorpion
  2922 | D:4      | Killed a scorpion
  2923 | D:4      | Reached XP level 4. HP: 13/36 MP: 6/6
  3374 | D:4      | Reached XP level 5. HP: 35/41 MP: 7/7
  3630 | D:4      | Noticed Menkaure
  3643 | D:4      | Killed Menkaure
  3644 | D:4      | Reached skill level 5 in Unarmed Combat
  3645 | D:4      | Noticed Blork the orc
  3659 | D:4      | Reached XP level 6. HP: 9/48 MP: 8/8
  3666 | D:5      | Entered Level 5 of the Dungeon
  4333 | D:3      | Noticed Grinder
  4334 | D:3      | Paralysed by Grinder for 6 turns
  4373 | D:3      | Noticed Sigmund
  4434 | D:2      | Paralysed by Grinder for 2 turns
  4440 | D:2      | Killed Grinder
  4441 | D:2      | Reached skill level 6 in Unarmed Combat
  4441 | D:2      | Reached XP level 7. HP: 20/55 MP: 9/9
  4749 | D:2      | Killed Natasha
  4812 | D:3      | Found a glowing drain.
  4884 | Sewer    | Entered a sewer
  5251 | Sewer    | Reached skill level 7 in Unarmed Combat
  6442 | D:3      | Killed Sigmund
  6836 | D:4      | Killed Blork the orc
  7145 | D:4      | Found Qucraak's Distillery.
  7267 | D:4      | Identified the +3 spear of Rubbish {vorpal, Will+ MP+9}
  7778 | D:5      | Reached XP level 8. HP: 56/62 MP: 10/10
  8028 | D:5      | Reached skill level 1 in Evocations
  8138 | D:5      | Reached skill level 8 in Unarmed Combat
  8149 | D:5      | Reached skill level 5 in Armour
  9853 | D:5      | Reached skill level 9 in Unarmed Combat
 10428 | D:6      | Found a staircase to the Ecumenical Temple.
 10438 | D:6      | Identified the +8 chain mail of the Sunfish {rCorr}
 10456 | Temple   | Entered the Ecumenical Temple
 10727 | D:6      | Noticed a troll
 10732 | D:6      | Identified the +8 short sword of Hospitality {spect, +Blink
                  | Int-2 Dex+4}
 10739 | D:6      | Killed a troll
 10740 | D:6      | Reached XP level 9. HP: 40/69 MP: 11/11
 11456 | D:7      | Reached skill level 10 in Unarmed Combat
 11641 | D:7      | Learned a level 2 spell: Poisonous Vapours
 12470 | D:8      | Reached skill level 5 in Evocations
 13283 | D:8      | Reached XP level 10. HP: 78/78 MP: 13/13
 13559 | D:9      | Identified the +1 chain mail of Ilyklif {Int+3 Slay+3}
 13941 | D:9      | Noticed Harold
 13956 | D:9      | Killed Harold
 13957 | D:9      | Reached skill level 11 in Unarmed Combat
 14277 | D:9      | Noticed a rust devil
 14507 | D:9      | Noticed a sixfirhy
 15092 | D:9      | HP: 4/80 [poisoned by an orc warrior]
 15100 | D:9      | Killed from afar by an orc priest

Illustrated notes

Levels and vault maps discovered:
D:1:      mrwooster_arrival_arrow, layout_basic, ebering_ecumenical_altar_box,
          dk_noncrumbling_3
D:2:      layout_loops_ring, serial_shops, shop, hangedman_decor_opposing,
          uniq_crazy_yiuf_cottage, uniq_natasha
D:3:      layout_rooms, gup_sewer_entry_glass, uniq_sigmund, uniq_grinder
D:4:      layout_loops_ring, mainiacjoe_overflow_cross_hatched,
          nicolae_hepliaklqana_hippocampus, kennysheep_small_square,
          uniq_menkaure, uniq_blork_the_orc
D:5:      layout_basic, grunt_gozag_statues
D:6:      kennysheep_spiral_hall, layout_loops_cross, minmay_temple_entry_trees,
          minmay_fractal_squares_5
D:7:      layout_basic, hangedman_decor_slide_cut, kennysheep_generic_room_7
D:8:      layout_cave_pools, mainiacjoe_overflow_tiny_flanked
D:9:      layout_loops_corners, uniq_harold
Temple:   regret_index_temple_sphere_string

Skill      XL: |  1  2  3  4  5  6  7  8  9 10 |
---------------+-------------------------------+-----
Unarmed Combat | 3 4 5 6 7 9 10 11 | 11.6
Armour         | 1 2 3 4 5 6 7 |  7.1
Fighting       | 2 3 4 |  4.9
Evocations     | 3 5 6 |  6.0
Throwing       | |  1.7
Dodging        | |  2.6

Action                   |  1- 3 |  4- 6 |  7- 9 | 10-12 || total
-------------------------+-------+-------+-------+-------++-------
Melee: Unarmed           |   211 |    71 |    13 |       ||   295
       Punch             |     5 |     3 |    21 |    11 ||    40
       Kick              |    16 |    28 |   149 |    28 ||   221
       Dagger            |       |       |   318 |       ||   318
       Spear             |       |       |     4 |       ||     4
       Short sword       |       |       |   114 |    75 ||   189
Throw: Throwing net      |     2 |       |       |       ||     2
  Use: Scroll            |     2 |       |    10 |     2 ||    14
       Potion            |     1 |     2 |     5 |     1 ||     9
 Stab: Held in net/web   |     1 |       |       |       ||     1
Armor: Leather armour    |    16 |       |       |       ||    16
       Chain mail        |    80 |    41 |   202 |    47 ||   370
Dodge: Dodged            |    90 |    52 |   300 |    32 ||   474
